 Dungeon Crawl Stone Soup version 0.28.0-47-ge53b351184 (webtiles) character file.

Game seed: 1774488185406741081

186 101zpm the Magician (level 5, -2/35 HPs)
             Began as a Djinni Fire Elementalist on May 4, 2022.
             Killed by an exploding kobold (11 damage)
             ... ignited by their inner flame
             ... on level 3 of the Dungeon.
             The game lasted 00:05:00 (3775 turns).

101zpm the Magician (Djinni Fire Elementalist)      Turns: 3775, Time: 00:05:01

Health: -2/35      AC:  2    Str:  7    XL:     5   Next: 97%
Gold:   46         EV: 12    Int: 19    God:
                   SH:  0    Dex: 13

rFire   + + .      SeeInvis .   (no weapon)
rCold   x . .      Faith    .   (no shield)
rNeg    . . .      Spirit   .   a - +0 robe
rPois   ∞          Reflect  .   (no helmet)
rElec   .          Harm     .   (no cloak)
rCorr   .          Rampage  .   (no gloves)
Will    .....                   (boots unavailable)
Stlth   ++........              (no amulet)
HPRegen 0.11/turn               (no ring)
MPRegen 0.00/turn               (no ring)

@: flying
A: sickness immunity, fire resistance 2, cold vulnerability 1, float, innate
caster, HP casting, extra vitality 1
a: no special abilities


You were on level 3 of the Dungeon.
You visited 1 branch of the dungeon, and saw 3 of its levels.

You collected 46 gold pieces.

Inventory:

Hand Weapons
 g - a +1 vorpal spear
Armour
 a - a +0 robe (worn)
Scrolls
 e - 2 scrolls of identify {unknown}
 h - a scroll of fear {unknown}
 i - a scroll of teleportation {unknown}
Potions
 b - 3 potions of heal wounds {unknown}
 c - a potion of degeneration {unknown}
 d - 2 potions of mutation {unknown}
 f - a potion of might {unknown}


   Skills:
 + Level 2.5 Dodging
 + Level 2.0 Stealth
 + Level 4.5 Spellcasting


You couldn't memorise any spells.
You knew the following spells:

 Your Spells              Type           Power      Damage    Failure   Level
a - Foxfire               Conj/Fire      84%        2x1d8     1%          1
b - Scorch                Fire           42%        2d7       3%          2
c - Conjure Flame         Conj/Fire      21%        6-21      6%          3
d - Inner Flame           Hex/Fire       21%        N/A       6%          3
e - Flame Wave            Conj/Fire      21%        2d7       21%         4
f - Magic Dart            Conj           84%        1d7       1%          1
g - Blink                 Tloc           42%        N/A       3%          2
Your spell library was empty.

Dungeon Overview and Level Annotations

Branches:
Dungeon (3/15)

Altars:


Innate Abilities, Weirdness & Mutations

You are immune to sickness and miasma.
You are immune to poison.
Your flesh is very heat resistant. (rF++)
You are vulnerable to cold. (rC-)
You float through the air rather than walking.
You learn spells naturally, not from books.
Your magical power is your life essence.
You have superior vitality. (+4 MHP)


Message History

Press: ? - help, Q - select action, (/) - cycle Dir - look around, f - activate You conjure some foxfire!
Casting: Foxfire (safe; 1% risk of failure)
Confirm with . or Enter, or press ? or * to list all spells.
Aiming: Inner Flame (dangerous; 6% risk of failure)
Press: ? - help, Dir - move target, f - rat
Aim: a rat (ally target, chance to affect: 88%)
The rat is filled with an inner flame.
* * * LOW HITPOINT WARNING * * *
The foxfire hits the rat.
Flame seeps out of the rat.
The rat is severely wounded.
The rat is engulfed in blazing flames.
The rat explodes!
You start resting.
Your foxfire dissipates!
You start resting.
A kobold comes into view. It is wielding a +0 whip.
A kobold is nearby!
Casting: Inner Flame (dangerous; 6% risk of failure)
Confirm with . or Enter, or press ? or * to list all spells.
Aiming: Inner Flame (dangerous; 6% risk of failure)
Press: ? - help, Dir - move target, f - kobold
Aim: a kobold, wielding a +0 whip (wandering, hasn't noticed you, chance to affect: 88%)
The kobold shouts!
The kobold is filled with an inner flame.
* * * LOW HITPOINT WARNING * * *
You are too injured to fight recklessly!
Casting: Foxfire (safe; 1% risk of failure)
Press: ? - help, Q - select action, (/) - cycle Dir - look around, f - activate You conjure some foxfire!
* * * LOW HITPOINT WARNING * * *
The kobold barely misses you.
Casting: Foxfire (safe; 1% risk of failure)
Press: ? - help, Q - select action, (/) - cycle Dir - look around, f - activate You conjure some foxfire!
* * * LOW HITPOINT WARNING * * *
The foxfire hits the kobold.
The kobold explodes!
The fiery explosion engulfs you! You resist.
You die...

.. # .####.# ...#) # ...
#.# #.# # #§# ## ###§###
##.#####. #.§@v.# ........#
#.######.vv>.#######.#####.
#.................... ##
.............######## #
...#......# # ##.#.##.### #
#.. # #.##.# # #..######
#.##.# # #....##.. #.##.#
######


There were no monsters in sight!

Vanquished Creatures
  Terence (D:2)
  An orc wizard (D:3)
  4 gnolls (D:3)
  5 adders (D:2)
  5 worms (D:2)
  5 orcs (D:3)
  2 endoplasms
  3 hobgoblins
  3 ball pythons
  3 bats
  2 frilled lizards (D:2)
  7 kobolds
  3 rats (D:3)
44 creatures vanquished.

Vanquished Creatures (others)
  208 foxfires
208 creatures vanquished.

Grand Total: 252 creatures vanquished

Notes
Turn   | Place    | Note
-------+----------+-------------------------------------------
     0 | D:1      | 101zpm the Djinni Fire Elementalist began the quest for the
                  | Orb.
     0 | D:1      | Reached XP level 1. HP: 15/15 MP: 0/0
   180 | D:2      | Reached XP level 2. HP: 11/21 MP: 0/0
   513 | D:2      | Reached skill level 3 in Spellcasting
   608 | D:2      | Reached XP level 3. HP: 16/25 MP: 0/0
   608 | D:2      | Learned a level 1 spell: Magic Dart
  1678 | D:2      | Reached XP level 4. HP: 11/31 MP: 0/0
  1703 | D:2      | Noticed Terence
  1710 | D:2      | Killed Terence
  2083 | D:2      | Found a faded altar of an unknown god.
  2406 | D:2      | Reached XP level 5. HP: 26/35 MP: 0/0
  2406 | D:2      | Learned a level 2 spell: Blink
  2761 | D:3      | Reached skill level 4 in Spellcasting
  3775 | D:3      | Killed by an exploding kobold... ignited by their inner
                  | flame

Illustrated notes

Levels and vault maps discovered:
D:1:      erik_arrival_orb_chamber, layout_basic, serial_shops,
          nicolae_square_shop, shop
D:2:      layout_loops_cross, basic_ecumenical_altar, uniq_terence
D:3:      layout_loops_ring, serial_shops, shop

Skill      XL: |  1  2  3  4  5 |
---------------+----------------+-----
Spellcasting   | 3 4 |  4.5
Stealth        | 2 |  2.0
Dodging        | |  2.5

Action                   |  1- 3 |  4- 6 || total
-------------------------+-------+-------++-------
 Cast: Foxfire           |    61 |    69 ||   130
       Inner Flame       |     8 |    22 ||    30
       Scorch            |     3 |    11 ||    14
Dodge: Dodged            |       |     1 ||     1
